 Dungeon Crawl Stone Soup version 0.31-a0-1068-g5939ac1fb6 (webtiles) character file.

Game seed: 4924124251556565899

2406 Maratek the Trooper (level 9, -7/74 HPs)
             Began as a Demonspawn Fighter on Nov 24, 2023.
             Was an Elder of Qazlal.
             Mangled by a yak (10 damage)
             ... on level 5 of the Dungeon.
             The game lasted 00:06:36 (5214 turns).

Maratek the Trooper (Demonspawn Fighter)            Turns: 5214, Time: 00:06:36

Health: -7/74      AC: 11    Str: 17    XL:     9   Next: 23%
Magic:  0/9        EV:  9    Int: 10    God:    Qazlal [****..]
Gold:   204        SH: 11    Dex: 16    Spells: 8/8 levels left

rFire   . . .        a - +0 long sword
rCold   . . .        c - +0 buckler
rNeg    . . .        b - +0 scale mail
rPois   .            (helmet restricted)
rElec   .            r - +1 cloak
rCorr   .            (no gloves)
SInv    .            (no boots)
Will    .....        i - amulet of guardian spirit Stlth
                     (no ring)
HPRegen 0.32/turn    (no ring)
MPRegen 0.11/turn

%: repel missiles, guardian spirit
@: no status effects
A: antennae 2, rugged brown scales 2, demonic magic 1
a: Renounce Religion, Upheaval, Elemental Force


You were on level 5 of the Dungeon.
You worshipped Qazlal.
Qazlal was greatly pleased with you.
You visited 1 branch of the dungeon, and saw 5 of its levels.

You collected 204 gold pieces.

Inventory:

Hand Weapons
 a - a +0 long sword (weapon)
Armour
 b - a +0 scale mail (worn)
 c - a +0 buckler (worn)
 r - a +1 cloak (worn)
Jewellery
 i - an amulet of guardian spirit (around neck)
Wands
 e - a wand of polymorph (2)
 j - a wand of quicksilver (6)
 n - a wand of flame (25)
Scrolls
 d - a scroll of identify
 g - 2 scrolls of revelation
Potions
 f - 2 potions of enlightenment {unknown}
 k - 2 potions of brilliance
 l - 6 potions of curing {unknown}
 m - a potion of degeneration {unknown}
 o - a potion of lignification {unknown}
 p - a potion of experience {unknown}


   Skills:
 + Level 6.9 Fighting
 + Level 5.9 Long Blades
 + Level 6.3 Armour
 + Level 6.2 Shields


You had 8 spell levels left.
You didn't know any spells.
Your spell library contained the following spells:

 Spells                   Type           Power      Damage    Failure   Level
 Volatile Blastmotes      Fire/Tloc      0%         2d10      99%         3
 Fulminant Prism          Conj/Hex       0%         3d5       100%        4
 Iskenderun's Mystic Bla  Conj/Tloc      0%         2d3       100%        4


Dungeon Overview and Level Annotations

Branches:
Dungeon (5/15)
 Temple: D:4-7

Altars:
Ashenzari
Dithmenos
Fedhas
Gozag
Nemelex Xobeh
Qazlal
Uskayaw
Yredelemnul

Shops:
D:1 ?   D:2 (


Innate Abilities, Weirdness & Mutations

You have a pair of antennae on your head.
You are mostly covered in rugged brown scales. (AC +2, +5% HP)
Spells you cast may paralyse adjacent enemies.


Message History

* * * LOW HITPOINT WARNING * * *
You slash the yak!
The yak is almost dead.
You block the yak's attack.
You barely miss the yak.
The yak is almost dead.
You block the yak's attack.
You hit the yak but do no damage.
The yak is almost dead.
The yak gores you!
* * * LOW HITPOINT WARNING * * *
You barely miss the yak.
The yak is almost dead.
You block the yak's attack.
You slash the yak!
You kill the yak!
Qazlal accepts your kill.
You hit the yak but do no damage. You block the yak's attack.
You hit the yak.
The yak is lightly wounded.
The yak closely misses you.
You barely miss the yak.
The yak is lightly wounded.
The yak gores you!
* * * LOW HITPOINT WARNING * * *
The yak gores you but does no damage.
You hit the yak but do no damage.
The yak is lightly wounded.
The yak gores you!
* * * LOW HITPOINT WARNING * * *
You hit the yak.
The yak is lightly wounded.
You block the yak's attack.
You hit the yak but do no damage.
The yak is lightly wounded.
You block the yak's attack.
You hit the yak.
The yak is moderately wounded.
The yak gores you!
You die...

###########
.<........#########
#####†.........Y@.#
# #.###.#######.# #
#. #.#######.### #{
.Y #.#.........# #,
### #.#.#####.#.###
. #.#.# #.....# .
####.#.# ###.#.# .+
#......#######.#.#
..
#.<...###......#.#


You could see a yak.

Vanquished Creatures
  5 yaks
  Eustachio (D:4)
  Edmund (D:4)
  Duvessa (D:5)
  A black bear (D:5)
  2 ice beasts (D:5)
  An ogre (D:4)
  3 phantoms
  3 scorpions
  Dowan (D:5)
  A howler monkey (D:5)
  A vampire bat (D:4)
  A jelly (D:5)
  2 hounds
  An iguana (D:4)
  3 orc wizards
  6 adders
  2 ufetubi (D:5)
  2 worms
  3 dart slugs
  3 fire bats (D:4)
  15 orcs
  2 spectral bats (D:4)
  11 ball pythons
  14 bats
  3 bat skeletons (D:4)
  A bat zombie (D:4)
  7 endoplasms
  4 giant cockroaches
  3 hobgoblins
  3 jackals (D:1)
  5 kobolds
  4 quokkas
  A bat simulacrum (D:4)
  2 frilled lizards (D:1)
  6 goblins
  A rat (D:1)
126 creatures vanquished.

Notes
Turn   | Place    | Note
-------+----------+-------------------------------------------
     0 | D:1      | Maratek the Demonspawn Fighter began the quest for the Orb.
     0 | D:1      | Reached XP level 1. HP: 18/18 MP: 1/1
   186 | D:1      | Gained mutation: You are partially covered in rugged brown
                  | scales. (AC +1, +3% HP) [demonic ancestry]
   186 | D:1      | Reached XP level 2. HP: 18/24 MP: 2/2
   457 | D:1      | Found Zail's Magic Scroll Boutique.
   474 | D:1      | Found a faded altar of an unknown god.
   501 | D:1      | Prayed at the altar of an unknown god.
   501 | D:1      | Became a worshipper of Qazlal Stormbringer
   501 | D:1      | Reached * piety under Qazlal
   988 | D:2      | Reached XP level 3. HP: 29/29 MP: 3/3
  1257 | D:2      | Found Ynacex's Antique Weapon Shop.
  1730 | D:3      | Reached ** piety under Qazlal
  1789 | D:3      | Noticed a scorpion
  1798 | D:3      | Killed a scorpion
  1799 | D:3      | Gained mutation: Spells you cast may paralyse adjacent
                  | enemies. [demonic ancestry]
  1799 | D:3      | Reached XP level 4. HP: 37/38 MP: 4/4
  2109 | D:3      | Found a hide-covered altar of Uskayaw.
  2715 | D:4      | Gained mutation: You are mostly covered in rugged brown
                  | scales. (AC +2, +5% HP) [demonic ancestry]
  2715 | D:4      | Reached XP level 5. HP: 38/44 MP: 5/5
  2873 | D:4      | Reached *** piety under Qazlal
  2881 | D:4      | Noticed a phantom
  2889 | D:4      | Reached XP level 6. HP: 49/50 MP: 6/6
  2897 | D:4      | Noticed Edmund
  2911 | D:4      | Killed Edmund
  2911 | D:4      | HP: 2/50 [orc/+0 falchion (2)]
  2916 | D:4      | Gained mutation: You have a pair of small antennae on your
                  | head. [demonic ancestry]
  2916 | D:4      | Reached XP level 7. HP: 3/57 MP: 1/7
  3520 | D:4      | Reached skill level 5 in Fighting
  4034 | D:4      | Noticed Eustachio
  4062 | D:4      | Killed Eustachio
  4117 | D:5      | Entered Level 5 of the Dungeon
  4118 | D:5      | Noticed a yak
  4118 | D:5      | Noticed a yak
  4119 | D:5      | Noticed a yak
  4119 | D:5      | Noticed a yak
  4119 | D:5      | Noticed a yak
  4120 | D:5      | Noticed a yak
  4149 | D:4      | Killed a yak
  4150 | D:4      | Reached skill level 5 in Armour
  4150 | D:4      | Reached skill level 5 in Shields
  4150 | D:4      | Reached XP level 8. HP: 22/66 MP: 2/8
  4409 | D:5      | Noticed Duvessa
  4410 | D:5      | Noticed Dowan
  4434 | D:5      | Killed Duvessa
  4493 | D:5      | Killed Dowan
  4590 | D:5      | Reached skill level 5 in Long Blades
  4941 | D:5      | Reached **** piety under Qazlal
  5003 | D:5      | Found a stormy altar of Qazlal.
  5005 | D:5      | Found a broken altar of Ashenzari.
  5006 | D:5      | Found a blossoming altar of Fedhas.
  5007 | D:5      | Found a basalt altar of Yredelemnul.
  5007 | D:5      | Found a shadowy altar of Dithmenos.
  5007 | D:5      | Found a sparkling altar of Nemelex Xobeh.
  5008 | D:5      | Found an opulent altar of Gozag.
  5161 | D:5      | Gained mutation: You have a pair of antennae on your head.
                  | [demonic ancestry]
  5161 | D:5      | Reached XP level 9. HP: 53/74 MP: 5/9
  5211 | D:5      | HP: 2/74 [yak (8)]
  5214 | D:5      | Mangled by a yak

Illustrated notes

Levels and vault maps discovered:
D:1:      dpeg_arrival_pits, layout_loops_corners, serial_shops, shop_statue,
          hellmonk_ecumenical_altar_run_dry
D:2:      layout_loops_ring, serial_shops, shop
D:3:      layout_basic, nicolae_uskayaw_suspiria
D:4:      layout_loops_cross, goddamned_bats, uniq_eustachio, uniq_edmund
D:5:      minmay_skewed_foursquare, layout_loops_ring,
          grunt_temple_overflow_open, uniq_crazy_yiuf_cottage, uniq_duvessa

Skill      XL: |  1  2  3  4  5  6  7  8 |
---------------+-------------------------+-----
Long Blades    | 2 3 4 5 |  5.9
Armour         | 3 4 5 6 |  6.3
Shields        | 3 4 5 6 |  6.2
Fighting       | 4 5 6 |  6.9

Action                     |  1- 3 |  4- 6 |  7- 9 || total
---------------------------+-------+-------+-------++-------
  Melee: Long sword        |   133 |   133 |   279 ||   545
    Use: Scroll            |     3 |     2 |     5 ||    10
         Potion            |       |     2 |     2 ||     4
 Armour: Scale mail        |   127 |   166 |   197 ||   490
  Dodge: Dodged            |    65 |   103 |   105 ||   273
  Block: Buckler           |    59 |    95 |   151 ||   305

Table legend: (Time is in decaauts)
 A = Elapsed time spent in this place.
 B = Non-inter-level travel time spent in this place.
 C = Inter-level travel time spent in this place.
 D = Time resting spent in this place.
 E = Time spent auto-exploring this place.
 F = Levels seen in this place.
 G = Mean time per level.
                   A        B        C        D        E       F      G
               +--------+--------+--------+--------+--------+-----+--------+
         Total |   5330 |   5104 |    226 |    240 |   3821 |   5 | 1066.0 |
       Dungeon |   5330 |   5104 |    226 |    240 |   3821 |   5 | 1066.0 |
               +--------+--------+--------+--------+--------+-----+--------+

Top non-repeatable levels by time:
     D:4: 1642 daAuts
     D:3: 1109 daAuts
     D:1: 967 daAuts
     D:5: 957 daAuts
     D:2: 653 daAuts
